 Dungeon Crawl Stone Soup version 0.30.0-29-ga12c61a403 (webtiles) character file.

Game seed: 8935430214355595394

22570 Labrat the Destroyer (level 13, -1/98 HPs)
             Began as a Human Conjurer on June 6, 2023.
             Was a Priest of Vehumet.
             Slain by a skeletal warrior
             ... wielding a +2 great sword of flaming
              (9 damage)
             ... in a volcano on June 7, 2023.
             The game lasted 01:00:31 (20326 turns).

Labrat the Destroyer (Human Conjurer)              Turns: 20326, Time: 01:00:32

Health: -1/98      AC:  8    Str:  8    XL:     13   Next: 28%
Magic:  3/36       EV: 12    Int: 24    God:    Vehumet [***...]
Gold:   837        SH:  5    Dex: 11    Spells: 14/32 levels left

rFire   . . .        p - +2 short sword (protect)
rCold   + . .        O - +0 buckler
rNeg    . . .        q - +0 steam dragon scales
rPois   .            D - +0 helmet
rElec   .            (no cloak)
rCorr   .            v - +0 pair of gloves
SInv    .            (no boots)
Will    .....        (no amulet)
Stlth   ++           y - ring of protection from cold
HPRegen 0.36/turn    m - ring of magical power
MPRegen 0.25/turn

%: no passive effects
@: no status effects
A: no striking features
a: Renounce Religion


You were in a volcano.
You worshipped Vehumet.
Vehumet was most pleased with you.
You visited 3 branches of the dungeon, and saw 14 of its levels.
You also visited: Sewer and Volcano.

You collected 837 gold pieces.

Inventory:

Hand Weapons
 p - a +2 short sword of protection (weapon)
Missiles
 C - a curare-tipped dart
 L - 3 silver javelins
Armour
 h - a scarf of shadows
 q - +0 steam dragon scales (worn)
 v - a +0 pair of gloves (worn)
 D - a +0 helmet (worn)
 O - a +0 buckler (worn)
 Q - a +2 kite shield of cold resistance
Magical Staves
 I - a staff of earth
Jewellery
 m - a ring of magical power (right hand)
 y - a ring of protection from cold (left hand)
 B - an amulet of faith
Wands
 b - a wand of flame (56)
 t - a wand of roots (5)
 A - a wand of charming (2)
Scrolls
 a - a scroll of enchant armour
 c - 3 scrolls of blinking
 d - a scroll of torment
 i - 7 scrolls of amnesia
 j - 4 scrolls of fog
 l - 6 scrolls of teleportation
 x - 2 scrolls of brand weapon
 z - a scroll of butterflies
 E - a scroll of immolation
 J - a scroll of vulnerability
 K - a scroll of poison {unknown}
 M - a scroll of enchant weapon {unknown}
Potions
 e - a potion of degeneration {unknown}
 f - a potion of attraction {unknown}
 g - 4 potions of haste
 k - 4 potions of flight {unknown}
 n - 2 potions of ambrosia
 o - 10 potions of curing
 r - a potion of berserk rage {unknown}
 s - 4 potions of heal wounds
 u - 4 potions of mutation
 w - a potion of invisibility {unknown}
 G - a potion of cancellation {unknown}
 H - 2 potions of lignification
Miscellaneous
 P - a phantom mirror


   Skills:
 - Level 8.0 Fighting
 - Level 5.0 Armour
 - Level 5.0 Dodging
 - Level 2.0 Stealth
 - Level 5.0 Shields
 - Level 10.0 Spellcasting
 + Level 14.3 Conjurations
 - Level 3.0 Translocations
 - Level 3.0 Earth Magic


You had 14 spell levels left.
You knew the following spells:

 Your Spells              Type           Power      Damage    Failure   Level
a - Magic Dart            Conj           100%       1d8       0%          1
b - Searing Ray           Conj           100%       2d8       1%          2
c - Stone Arrow           Conj/Erth      100%       3d13      1%          3
d - Iskenderun's Battles  Conj           69%        2d12      1%          5
e - Iskenderun's Mystic   Conj/Tloc      52%        2d11      1%          4
f - Mephitic Cloud        Conj/Pois/Air  34%        N/A       1%          3

Your spell library contained the following spells:

 Spells                   Type           Power      Damage    Failure   Level
 Inner Flame              Hex/Fire       12%        N/A       6%          3
 Sandblast                Erth           52%        2d12      1%          1
 Shock                    Conj/Air       100%       1d9       1%          1
 Dazzling Flash           Conj/Hex       92%        N/A       1%          3
 Fulminant Prism          Conj/Hex       23%        3d12      1%          4
 Passwall                 Tmut/Erth      15%        N/A       6%          2
 Summon Small Mammal      Summ           48%        N/A       8%          1
 Iron Shot                Conj/Erth      26%        9d6       9%          6
 Airstrike                Air            6%         2d(1-17)  19%         4
 Olgreb's Toxic Radiance  Pois           12%        N/A       19%         4
 Call Canine Familiar     Summ           12%        N/A       22%         3
 Ozocubu's Armour         Ice            12%        N/A       22%         3
 Summon Guardian Golem    Hex/Summ       12%        N/A       22%         3
 Swiftness                Air            12%        N/A       22%         3
 Animate Armour           Summ/Erth      38%        N/A       38%         4
 Spellforged Servitor     Conj/Summ      23%        N/A       61%         7
 Metabolic Englaciation   Hex/Ice        6%         N/A       91%         5
 Lehudib's Crystal Spear  Conj/Erth      26%        10d7      96%         8
 Simulacrum               Ice/Necr       6%         N/A       100%        6
 Ozocubu's Refrigeration  Ice            6%         4d8       100%        7
 Discord                  Hex            6%         N/A       100%        8
 Ignition                 Fire           6%         3d4       100%        8
 Polar Vortex             Ice            6%         N/A       100%        9


Dungeon Overview and Level Annotations

Branches:
Dungeon (12/15)            Temple (1/1) D:4            Lair (1/5) D:9
    Orc (0/2) D:12          Sewer (visited)         Volcano (1/1)

Altars:
Ashenzari
Cheibriados
Dithmenos
Elyvilon
Fedhas
Gozag
Hepliaklqana
Kikubaaqudgha
Makhleb
Nemelex Xobeh
Okawaru
Qazlal
Ru
Sif Muna
Trog
Uskayaw
Vehumet
Wu Jian
Xom
Yredelemnul
Zin
The Shining One
Lugonu

Shops:
D:2 *   D:8 *


Message History

Your weapon exudes an aura of protection.
The skeletal warrior is severely damaged.
The skeletal warrior hits you with a +2 great sword of flaming!
The skeletal warrior burns you.
Aiming: Fastroot
Press: ? - help, Shift-Dir - straight line, p - skeletal warrior The roots erupt in riotous growth!
Roots grab the skeletal warrior.
The grasping roots constrict the skeletal warrior, but do no damage.
The skeletal warrior hits you with a +2 great sword of flaming!
The skeletal warrior burns you.
You hit the skeletal warrior but do no damage.
The skeletal warrior is severely damaged.
The grasping roots constrict the skeletal warrior!
The roots release their grip on the skeletal warrior.
The skeletal warrior hits you with a +2 great sword of flaming!
* * * LOW HITPOINT WARNING * * *
The skeletal warrior burns you.
* * * LOW HITPOINT WARNING * * *
The skeletal warrior attacks as you move away!
The skeletal warrior hits you with a +2 great sword of flaming!
* * * LOW HITPOINT WARNING * * *
The skeletal warrior burns you.
* * * LOW HITPOINT WARNING * * *
Aiming: Fastroot
Press: ? - help, Shift-Dir - straight line The roots erupt in riotous growth!
Roots grab the skeletal warrior.
The grasping roots constrict the skeletal warrior, but do no damage.
The skeletal warrior closely misses you.
Unknown command.
The grasping roots constrict the skeletal warrior.
The roots release their grip on the skeletal warrior.
Aiming: Fastroot
Press: ? - help, Shift-Dir - straight line The roots erupt in riotous growth!
Roots grab the skeletal warrior.
The grasping roots constrict the skeletal warrior.
The skeletal warrior hits you with a +2 great sword of flaming!
You die...

### #.# ##'#####+##
###.).......# #.'.≈§§≈≈≈≈.+
###@z.......# ##'#####'##
#..⌠..#.# ##
#.....##########.
###.....'....8...'≈ ## #
#○°..∩..').......'§ ##.#.##
###.....'....8..§§§
#.≈≈#.###.'.....##########§
#☼☼≈.###.##..⌠..# ##


You could see a skeletal warrior (rooted).

Vanquished Creatures
  3 centaur warriors (D:12)
  2 boulder beetles (D:12)
  An anaconda (shapeshifter) (D:12)
  3 two-headed ogres
  2 tengu warriors (D:12)
  A skeletal warrior (Volcano)
  A shadow wraith (D:12)
  2 anaconda skeletons (Volcano)
  A wizard (D:12)
  5 ugly things
  A cyclops (D:12)
  A black mamba (Lair:1)
  An unseen horror (D:10)
  3 gargoyles (Volcano)
  A tengu conjurer (D:12)
  A kobold demonologist (D:12)
  4 trolls (D:11)
  3 hornets
  Grinder (D:3)
  4 slime creatures (D:12)
  2 flying skulls (Volcano)
  A centaur simulacrum (D:12)
  5 yaks (D:12)
  A vampire (D:11)
  2 wraiths (D:12)
  4 wargs (D:12)
  Menkaure (D:4)
  A steam dragon (D:10)
  An acid dragon (D:10)
  2 ice beasts
  An orc warrior (D:11)
  3 sky beasts
  2 black bears
  A meliai simulacrum (D:12)
  4 centaurs
  2 ogres
  4 phantoms (D:5)
  5 kobold brigands
  5 bullfrogs
  A wyvern zombie (D:7)
  4 scorpions
  7 wights (D:8)
  12 killer bees
  5 electric eels
  A howler monkey (D:6)
  5 hounds
  3 orc priests
  2 sleepcaps (D:6)
  Terence (D:3)
  5 iguanas
  Natasha (thrice) (D:3)
  10 orc wizards
  A naga skeleton (Volcano)
  A mummy (D:8)
  A howler monkey zombie (D:7)
  4 gnolls (D:6)
  14 adders
  A shadow imp (D:6)
  6 worms
  4 dart slugs
  24 orcs
  A bat (D:1)
  7 endoplasms
  9 giant cockroaches
  13 goblins
  5 hobgoblins
  7 quokkas
  13 ball pythons
  5 frilled lizards
  22 kobolds
  6 rats
291 creatures vanquished.

Vanquished Creatures (others)
  A human (D:4)
1 creature vanquished.

Grand Total: 292 creatures vanquished

Notes
Turn   | Place    | Note
-------+----------+-------------------------------------------
     0 | D:1      | Labrat the Human Conjurer began the quest for the Orb.
     0 | D:1      | Reached XP level 1. HP: 13/13 MP: 3/3
   548 | D:1      | Reached XP level 2. HP: 19/19 MP: 3/5
  1464 | D:2      | Learned a level 2 spell: Searing Ray
  1470 | D:2      | Reached XP level 3. HP: 24/24 MP: 0/6
  1751 | D:2      | Found Luwkonat's General Store.
  1829 | D:2      | Reached XP level 4. HP: 30/30 MP: 3/8
  1970 | D:2      | Found an opulent altar of Gozag.
  2300 | D:3      | Noticed Terence
  2308 | D:2      | Reached skill level 5 in Conjurations
  2362 | D:3      | Found a blossoming altar of Fedhas.
  2365 | D:3      | Reached XP level 5. HP: 35/35 MP: 6/10
  2609 | D:2      | Learned a level 3 spell: Stone Arrow
  2662 | D:3      | Found a faded altar of an unknown god.
  2674 | D:3      | Reached XP level 6. HP: 36/41 MP: 2/11
  3036 | D:3      | Noticed Natasha
  3179 | D:3      | Killed Terence
  3180 | D:3      | Reached skill level 1 in Earth Magic
  3276 | D:3      | Killed Natasha
  3336 | D:3      | Found a shadowy altar of Dithmenos.
  3365 | D:3      | Noticed Grinder
  3385 | D:3      | Noticed Natasha
  3389 | D:3      | Killed Natasha
  3484 | D:4      | Found a transporter.
  3621 | D:4      | Found a transporter.
  3673 | D:4      | Noticed Menkaure
  3800 | D:4      | Found a sparkling altar of Nemelex Xobeh.
  3836 | D:4      | Found a stormy altar of Qazlal.
  3836 | D:4      | Noticed a sky beast
  3864 | D:4      | Killed a sky beast
  3865 | D:4      | Reached XP level 7. HP: 41/46 MP: 2/13
  3979 | D:4      | Reached skill level 6 in Conjurations
  4057 | D:4      | Found a staircase to the Ecumenical Temple.
  4175 | Temple   | Entered the Ecumenical Temple
  4523 | D:4      | Found an ancient bone altar of Kikubaaqudgha.
  4523 | D:4      | Noticed a human
  4631 | D:5      | Entered Level 5 of the Dungeon
  5016 | D:5      | Reached skill level 5 in Spellcasting
  5022 | D:5      | Learned a level 5 spell: Iskenderun's Battlesphere
  5183 | D:5      | Reached XP level 8. HP: 25/52 MP: 8/15
  5209 | D:5      | Reached skill level 7 in Conjurations
  5618 | D:5      | Learned a level 4 spell: Iskenderun's Mystic Blast
  5856 | D:5      | Found an iron altar of Okawaru.
  6125 | D:4      | Killed Menkaure
  6126 | D:4      | Reached skill level 1 in Translocations
  6213 | D:3      | Killed Grinder
  6214 | D:3      | Reached skill level 8 in Conjurations
  6285 | D:3      | Noticed Natasha
  6297 | D:3      | Killed Natasha
  6474 | D:3      | Reached XP level 9. HP: 56/57 MP: 12/18
  6711 | D:6      | Found a hazy altar of Hepliaklqana.
  6915 | D:6      | Found an opulent altar of Gozag.
  6951 | D:6      | Found a glowing drain.
  6956 | Sewer    | Entered a sewer
  7967 | D:6      | Found a broken altar of Ashenzari.
  8269 | D:6      | Found a radiant altar of Vehumet.
  8278 | D:6      | Became a worshipper of Vehumet
  8639 | D:6      | Reached skill level 1 in Fighting
  8639 | D:6      | Reached skill level 1 in Armour
  8769 | D:6      | Found a hide-covered altar of Uskayaw.
  9620 | D:7      | Reached XP level 10. HP: 69/69 MP: 11/22
 10269 | D:7      | Reached * piety under Vehumet
 10269 | D:7      | Offered knowledge of Kiss of Death by Vehumet.
 10339 | D:7      | Found a basalt altar of Yredelemnul.
 10524 | D:8      | Found a shimmering blue altar of Sif Muna.
 10649 | D:8      | Found a burning altar of Makhleb.
 10798 | D:8      | Found a bloodstained altar of Trog.
 10848 | D:8      | Reached skill level 5 in Dodging
 11025 | D:8      | Offered knowledge of Momentum Strike by Vehumet.
 11157 | D:8      | Found an ornate altar of the Wu Jian Council.
 11188 | D:8      | Reached ** piety under Vehumet
 11495 | D:8      | Found Qocly's Assorted Antiques.
 11555 | D:8      | Found a snail-covered altar of Cheibriados.
 11951 | D:9      | Reached skill level 5 in Fighting
 11951 | D:9      | Reached skill level 5 in Armour
 12104 | D:9      | Noticed a two-headed ogre
 12592 | D:9      | Found a glowing golden altar of the Shining One.
 12593 | D:9      | Found a glowing silver altar of Zin.
 12594 | D:9      | Found a white marble altar of Elyvilon.
 12622 | D:9      | Found a shimmering altar of Xom.
 12622 | D:9      | Found a sacrificial altar of Ru.
 12943 | D:9      | Found a staircase to the Lair.
 13010 | D:9      | Killed a two-headed ogre
 13646 | D:10     | Entered Level 10 of the Dungeon
 13727 | D:10     | Reached XP level 11. HP: 59/79 MP: 9/23
 13977 | D:10     | Reached skill level 9 in Conjurations
 14569 | D:11     | Noticed a purple ugly thing
 15035 | D:11     | Reached skill level 10 in Conjurations
 15696 | D:11     | Killed a purple ugly thing
 15696 | D:11     | Offered knowledge of Mephitic Cloud by Vehumet.
 15701 | D:11     | Learned a level 3 spell: Mephitic Cloud
 15792 | D:12     | Noticed a tengu warrior
 15894 | D:12     | Noticed a cyan ugly thing
 15894 | D:12     | Noticed a centaur warrior
 15902 | D:11     | Killed a cyan ugly thing
 15903 | D:11     | Reached skill level 10 in Spellcasting
 16136 | D:12     | Killed a centaur warrior
 16324 | D:12     | Found a staircase to the Orcish Mines.
 16330 | D:12     | Reached skill level 11 in Conjurations
 16457 | D:12     | Noticed a brown ugly thing
 16457 | D:12     | Noticed a centaur warrior
 16457 | D:12     | Noticed a boulder beetle
 16558 | D:12     | Noticed a two-headed ogre
 16565 | D:12     | Killed a two-headed ogre
 16775 | D:12     | Killed a tengu warrior
 16776 | D:12     | Reached XP level 12. HP: 86/86 MP: 14/26
 16831 | D:12     | Reached skill level 12 in Conjurations
 16899 | D:12     | Noticed a boulder beetle
 16940 | D:12     | Killed a boulder beetle
 16941 | D:12     | Reached skill level 1 in Shields
 17111 | D:12     | Noticed a two-headed ogre
 17120 | D:12     | Killed a two-headed ogre
 17120 | D:12     | Reached *** piety under Vehumet
 17467 | D:12     | Noticed a centaur warrior
 17479 | D:12     | Killed a centaur warrior
 17792 | D:12     | Noticed a tengu warrior
 18113 | D:12     | Killed a shadow wraith
 18290 | D:12     | a faun changed into an anaconda
 18290 | D:12     | Noticed an anaconda (shapeshifter)
 18307 | D:12     | Killed an anaconda
 18307 | D:12     | Offered knowledge of Inner Flame by Vehumet.
 18308 | D:12     | Reached skill level 5 in Shields
 19056 | D:12     | Killed a tengu warrior
 19265 | D:12     | Killed a centaur warrior
 19350 | D:12     | Reached skill level 13 in Conjurations
 19350 | D:12     | Reached XP level 13. HP: 96/98 MP: 11/27
 19683 | Lair:1   | Entered Level 1 of the Lair of Beasts
 19714 | Lair:1   | Found a dark tunnel.
 20007 | Volcano  | Entered a volcano
 20090 | Volcano  | Reached skill level 14 in Conjurations
 20326 | Volcano  | Slain by a skeletal warrior

Illustrated notes

Levels and vault maps discovered:
D:1:      dpeg_arrival_central, layout_basic
D:2:      cheibrodos_helix_gallery, layout_basic, basic_altar, serial_shops,
          shop
D:3:      layout_basic, nicolae_dithmenos_the_darkroom, fedhas_altar_1,
          ebering_ecumenical_altar_abandoned, minmay_ogre_servants,
          uniq_grinder, uniq_terence, uniq_natasha
D:4:      gammafunk_steamed_eel, layout_loops_ring,
          nicolae_qazlal_beasts_of_the_sky, tgw_kikubaaqudgha,
          nemelex_diamond_rough_becter, temple_green, uniq_menkaure
D:5:      layout_loops_cross, old_standard_altar, hex_tiny
D:6:      layout_loops_corners, nicolae_vehumet_altar_sigil,
          kennysheep_little_box, nicolae_ashenzari_panopticon,
          nicolae_gozag_seed_capital, mainiacjoe_overflow_surrounded_room,
          portal_sewer_entry_e
D:7:      layout_basic, lemuel_zombie_altar_yredelemnul,
          grunt_decor_mini_mirrors, st_stairs_3, amcnicky_mini_corridor_feature,
          fountainhead
D:8:      layout_loops_ring, lightli_temple_of_fire,
          mainiacjoe_overflow_cross_hatched, chei_slow_surprise,
          nicolae_sif_muna_condensation, mainiacjoe_overflow_six_doors_small,
          serial_shops, shop
D:9:      layout_basic, good_gods_temple_1,
          chequers_temple_overflow_statue_of_worship, lair_entry_dummy,
          serial_co_window_serial, co_window_paths_b, co_window_paths_a,
          co_window_paths_a, co_window_paths_a, co_window_paths_a,
          co_window_corner_a, co_window_paths_c, co_window_corner_cb,
          co_window_unsneaky_path_e, co_window_2corner, glass_columns_a
D:10:     layout_roguey
D:11:     layout_irregular_city
D:12:     layout_stronghold, minmay_orc_entry_guard_dogs, minivault_28
Temple:   nicolae_temple_total_abyssal_victory
Lair:1:   dreamdust_cave_troll, layout_cave_pods,
          lightli_volcano_entry_magma_tube, lemuel_fruit_fields,
          grunt_megastairs_5, infiniplex_staircase_pool_2
Volcano:  volcano_tomb [vts_original]

Skill      XL: |  1  2  3  4  5  6  7  8  9 10 11 12 13 |
---------------+----------------------------------------+-----
Spellcasting   | 3 4 5 6 8 10 | 10.0
Conjurations   | 5 6 8 11 13 14 | 14.3
Earth Magic    | 2 3 |  3.0
Translocations | 2 3 |  3.0
Fighting       | 2 5 8 |  8.0
Armour         | 2 5 |  5.0
Dodging        | 3 5 |  5.0
Shields        | 5 |  5.0
Stealth        | |  2.0

Action                     |  1- 3 |  4- 6 |  7- 9 | 10-12 | 13-15 || total
---------------------------+-------+-------+-------+-------+-------++-------
  Melee: Unarmed           |     6 |       |       |       |       ||     6
         Dagger            |       |    14 |    19 |    12 |       ||    45
         Punch             |       |     1 |       |       |       ||     1
         Staff             |       |       |       |     3 |       ||     3
         Short sword       |       |       |       |       |     3 ||     3
  Throw: Dart              |       |     1 |       |       |     1 ||     2
   Cast: Magic Dart        |    60 |    68 |   151 |    96 |     6 ||   381
         Searing Ray       |     2 |    15 |    12 |    21 |     1 ||    51
         Stone Arrow       |       |       |    64 |   148 |    31 ||   243
         Iskenderun's Myst |       |       |       |    58 |    11 ||    69
         Iskenderun's Batt |       |       |       |    10 |     2 ||    12
         Mephitic Cloud    |       |       |       |    10 |     2 ||    12
  Evoke: Wand              |       |       |     1 |     6 |     3 ||    10
    Use: Potion            |       |       |     1 |       |       ||     1
         Scroll            |       |       |     1 |    14 |     4 ||    19
 Armour: Robe              |     1 |     3 |       |       |       ||     4
         Steam dragon scal |       |     6 |    22 |    31 |     2 ||    61
  Dodge: Dodged            |     5 |    11 |    35 |    70 |    10 ||   131
  Block: Buckler           |       |       |       |     1 |     3 ||     4
